 Dungeon Crawl Stone Soup version 0.18-a0-1572-g0a86841 (webtiles) character file.

21 Hilldric the Ducker (level 2, -3/22 HPs)
             Began as a Demonspawn Gladiator on Mar 15, 2016.
             Was an Initiate of Okawaru.
             Slain by a worm (8 damage)
             ... on level 2 of the Dungeon.
             The game lasted 00:01:42 (1311 turns).

Hilldric the Ducker (Demonspawn Gladiator)          Turns: 1311, Time: 00:01:42

Health: -3/22      AC:  3    Str: 15    XL:     2   Next: 62%
Magic:  2/2        EV: 12    Int:  9    God:    Okawaru [......]
Gold:   26         SH:  0    Dex: 13    Spells: 0 memorised, 1 level left

rFire  . . .     SeeInvis .     a - +0 war axe
rCold  . . .     Gourm    .     b - +0 leather armour
rNeg   . . .     Faith    .     (no shield)
rPois  .         Spirit   .     (helmet restricted)
rElec  .         Dismiss  .     (no cloak)
rCorr  .         Reflect  .     (no gloves)
SustAt .         Harm     .     (no boots)
MR     .....                    (no amulet)
Stlth  +.........               (no ring)
                                (no ring)

@: not resistant to hostile enchantments, very unstealthy
A: horns 1
a: Renounce Religion


You were on level 2 of the Dungeon.
You worshipped Okawaru.
Okawaru was noncommittal.
You were not hungry.

You visited 1 branch of the dungeon, and saw 2 of its levels.

You collected 26 gold pieces.

Inventory:

Hand Weapons
 a - a +0 war axe (weapon)
Missiles
 d - 3 throwing nets (quivered)
Armour
 b - a +0 leather armour (worn)
Scrolls
 c - a scroll of remove curse {unknown}
 i - a scroll of teleportation {unknown}
 j - a scroll of amnesia {unknown}
Potions
 e - a potion of curing {unknown}
 g - a potion of magic {unknown}
 h - a potion of flight {unknown}
 l - a potion of agility {unknown}
Comestibles
 f - a bread ration
 k - a meat ration


   Skills:
 - Level 2.0 Fighting
 - Level 2.7 Axes
 - Level 1.8 Throwing
 + Level 1.9 Armour
 - Level 2.7 Dodging


You had one spell level left.
You didn't know any spells.

Dungeon Overview and Level Annotations

Branches:
Dungeon (2/15)

Altars:
Cheibriados
Gozag
Okawaru
Vehumet
Yredelemnul


Innate Abilities, Weirdness & Mutations

You have a pair of small horns on your head.


Message History

Found a radiant altar of Vehumet.
There is an iron altar of Okawaru here.
You kneel at the altar of Okawaru.
Okawaru welcomes you!
You are feeling very hungry.
Eat which item? (? for menu, Esc to quit)
You continue eating. x2
You finish eating.
That meat ration really hit the spot!
Found a stone staircase leading down.
A worm comes into view.
A worm is nearby!
The worm bites you!
You barely miss the worm. You headbutt the worm.
The worm is moderately wounded.
The worm bites you!
* * * LOW HITPOINT WARNING * * *
You hit the worm.
The worm is moderately wounded.
The worm bites you!
You die...

......###.#.#
........#.#.#######.
#........#.........
##..................
.........#####.#####
#.......# ...
##.###.####.#...# #
###............
#.@........ .#.#
#w####..... .#.# #.#
.#..# #.# # .# #?# #
#.# #.# #.# ...


You could see a worm.

Vanquished Creatures
  2 giant geckos
  2 bats (D:1)
  2 giant cockroaches (D:1)
  A hobgoblin (D:1)
  2 kobolds (D:1)
  A quokka (D:2)
  A giant newt (D:1)
  4 goblins
  2 rats (D:1)
17 creatures vanquished.

Notes
Turn   | Place    | Note
--------------------------------------------------------------
     0 | D:1      | Hilldric the Demonspawn Gladiator began the quest for the Orb.
     0 | D:1      | Reached XP level 1. HP: 16/16 MP: 1/1
   174 | D:1      | Reached skill level 1 in Armour
   302 | D:1      | Gained mutation: You have a pair of small horns on your head. [demonic ancestry]
   302 | D:1      | Reached XP level 2. HP: 6/22 MP: 2/2
  1114 | D:2      | Found an opulent altar of Gozag.
  1114 | D:2      | Found a snail-covered altar of Cheibriados.
  1246 | D:2      | Found a basalt altar of Yredelemnul.
  1247 | D:2      | Found an iron altar of Okawaru.
  1248 | D:2      | Found a radiant altar of Vehumet.
  1255 | D:2      | Became a worshipper of Warmaster Okawaru
  1311 | D:2      | Slain by a worm

Vault maps used:
D:1:      dpeg_arrival_simpleton_c, minmay_misc_feat_five
D:2:      lemuel_doored_altar, grunt_temple_overflow_open

Skill      XL: |  1 |
---------------+----+-----
Armour         | 1 |  1.9
Fighting       | |  2.0
Axes           | |  2.7
Throwing       | |  1.8
Dodging        | |  2.7

Action                   || total
-------------------------++-------
Melee: War axe           ||    43
  Eat: Meat ration       ||     1
